 Dungeon Crawl Stone Soup version 0.25-a0-474-ga8a2ee3166 (webtiles) character file.

Game seed: 15138316490702325340, levelgen mode: deterministic

42582 kae the Unseen (level 13, -7/70 HPs)
             Began as a Spriggan Enchanter on Feb 7, 2020.
             Was a High Priest of Dithmenos.
             Mangled by a spriggan rider
             ... wielding a +0 spear
              (16 damage)
             ... on level 6 of the Lair of Beasts.
             The game lasted 00:53:04 (26925 turns).

kae the Unseen (Spriggan Enchanter)                Turns: 26925, Time: 00:53:05

Health: -7/70      AC:  7    Str:  5    XL:     13   Next: 86%
Magic:  0/23       EV: 32    Int: 16    God:    Dithmenos [*****.]
Gold:   1154       SH:  0    Dex: 21    Spells: 11/24 levels left

rFire    + . .     SeeInvis +   b - +2 dagger (protect)
rCold    . . .     Gourm    .   (shield restricted)
rNeg     . . .     Faith    .   B - +2 robe {MR+}
rPois    .         Spirit   +   (helmet restricted)
rElec    .         Reflect  .   x - +2 cloak
rCorr    .         Harm     .   (gloves unavailable)
MR       +++..                  (boots unavailable)
Stlth    ++++++++++             g - amulet of guardian spirit
HPRegen  0.21/turn              O - ring of protection from fire
MPRegen  0.18/turn              (no ring)

@: confusing touch, wreathed by umbra, studying Long Blades, very quick
A: very small, unfitting armour, see invisible, herbivore, speed 3, slow
metabolism 2
a: Shadow Step, Shadow Form, Renounce Religion


You were on level 6 of the Lair of Beasts.
You worshipped Dithmenos.
Dithmenos was extremely pleased with you.
You were near starving.

You visited 3 branches of the dungeon, and saw 16 of its levels.
You also visited: Sewer, Ice Cave and Volcano.

You collected 1382 gold pieces.
You spent 228 gold pieces at shops.

Inventory:

Hand Weapons
 a - a +0 quick blade of flaming
 b - a +2 dagger of protection (weapon)
 s - a +1 dagger
 F - a +2 rapier of flaming
Armour
 j - a +0 troll leather armour {Purgy}
 x - a +2 cloak (worn)
 B - a +2 robe of magic resistance (worn)
 C - +0 steam dragon scales
 D - a +2 cloak of cold resistance
 Q - a +0 robe
Jewellery
 g - an amulet of guardian spirit (around neck)
 M - an uncursed amulet of faith
 O - a ring of protection from fire (left hand)
Wands
 k - a wand of enslavement (27)
 r - a wand of digging (8)
 t - a wand of acid (21)
 v - a wand of random effects (22)
 G - a wand of flame (11)
Scrolls
 f - 11 scrolls of teleportation
 l - a scroll of blinking
 m - 7 scrolls of remove curse
 n - 2 scrolls of immolation
 y - a scroll of vulnerability
 E - a scroll of silence
 J - a scroll of amnesia
 N - 3 scrolls of enchant armour
 P - a scroll of fog
 R - a scroll of holy word {unknown}
 S - a scroll of identify
Potions
 c - 8 potions of curing
 e - 6 potions of flight
 h - 4 potions of lignification
 i - 2 potions of cancellation
 o - 5 potions of might
 p - 4 potions of berserk rage
 q - a potion of heal wounds
 w - 3 potions of brilliance
 z - 7 potions of mutation {unknown}
 H - 2 potions of degeneration {unknown}
 I - a potion of haste
 K - a potion of magic
 L - 3 potions of resistance
Books
 u - a manual of Long Blades
Comestibles
 d - 8 rations


   Skills:
 + Level 8.9 Fighting
 * Level 15.6 Short Blades
 - Level 14.2 Dodging
 - Level 16.0 Stealth
 + Level 6.1 Spellcasting
 - Level 7.0 Hexes


You had 11 spell levels left.
You knew the following spells:

 Your Spells              Type           Power        Failure   Level  Hunger
a - Corona                Hex            ####...      1%          1    None
b - Ensorcelled Hibernat  Hex/Ice        ###...       4%          2    #......
c - Confusing Touch       Hex            ####....     2%          3    ##.....
d - Tukima's Dance        Hex            ####....     2%          3    ##.....
e - Dazzling Flash        Conj/Hex       ###...       10%         3    ##.....
f - Magic Dart            Conj           #...         14%         1    None

Your spell library contained the following spells:

 Spells                   Type           Power        Failure   Level  Hunger
 Sting                    Tmut/Pois      #...         14%         1    None
 Poisonous Vapours        Pois/Air       #.....       21%         2    #......
 Searing Ray              Conj           #.....       21%         2    #......
 Fulminant Prism          Conj/Hex       ###.......   32%         4    ####...
 Gell's Gravitas          Tloc           #.........   38%         3    ##.....
 Ignite Poison            Fire/Tmut/Pois #.......     38%         3    ##.....
 Mephitic Cloud           Conj/Pois/Air  #.......     38%         3    ##.....
 Metabolic Englaciation   Hex/Ice        ###.......   65%         5    ######.
 Yara's Violent Unravell  Hex/Tmut       ###.......   65%         5    ######.
 Iskenderun's Mystic Bla  Conj/Tloc      #.......     80%         4    ####...
 Olgreb's Toxic Radiance  Pois           #.......     80%         4    ####...
 Petrify                  Tmut/Erth      #.......     80%         4    ####...


Dungeon Overview and Level Annotations

Branches:
Dungeon (9/15)             Temple (1/1) D:5            Lair (6/6) D:8
 Shoals (0/4) Lair:2       Spider (0/4) Lair:2        Slime (0/5) Lair:6
  Sewer (visited)           IceCv (visited)         Volcano (visited)
    Orc: D:9-12

Altars:
Ashenzari
Cheibriados
Dithmenos
Elyvilon
Fedhas
Gozag
Hepliaklqana
Kikubaaqudgha
Makhleb
Nemelex Xobeh
Okawaru
Qazlal
Ru
Sif Muna
Trog
Uskayaw
Vehumet
Wu Jian
Xom
Yredelemnul
Zin
The Shining One
Jiyva

Shops:
D:4 !   D:7 *

Annotations:
D:8 3 runed translucent doors
Lair:1 exclusion: electric eel
Lair:2 1 runed translucent door, Zuruo's ghost, journeyman TrHu


Innate Abilities, Weirdness & Mutations

You are very small and have problems with some larger weapons.
You are too small for most types of armour.
You have supernaturally acute eyesight. (SInv)
You are a herbivore.
You cover ground extremely quickly.
You need to consume almost no food.


Message History

You hit the spriggan rider but do no damage.
The spriggan rider is lightly wounded.
Your shadow hits the spriggan rider with a dagger.
The spriggan rider hits you with a +0 spear!
You hit the spriggan rider but do no damage.
The spriggan rider is lightly wounded.
You hit the spriggan rider but do no damage.
The spriggan rider is lightly wounded.
The spriggan rider completely misses you.
You hit the spriggan rider but do no damage.
The spriggan rider is lightly wounded.
You hit the spriggan rider but do no damage.
The spriggan rider is lightly wounded.
The spriggan rider hits you with a +0 spear!!
* * * LOW HITPOINT WARNING * * *
As you read the scroll of fear, it crumbles to dust.
You assume a fearsome visage.
The spriggan rider resists with almost no effort.
The spriggan rider hits you with a +0 spear!!
You die...

♣....♣♣♣♣♣..♣ ♣.....♣
♣..♣♣♣♣ ♣..♣♣♣♣♣..♣♣♣
.... ♣♣..♣.♣♣.♣♣ .♣♣
♣♣♣.......♣♣♣
♣♣♣♣♣...♣♣......♣♣♣
♣♣♣♣.♣..♣♣♣♣♣♣♣.♣...♣♣
♣♣.#....♣♣ ♣♣♣♣♣...
#.#.#..♣♣ ♣♣.. ♣
♣♣♣♣♣....i@♣♣ ♣♣..
♣♣♣♣♣♣♣..#....###.♣
♣♣.÷. ...♣♣........##
### ♣.).♣
............# ♣♣).♣♣
.........i..## ♣...♣
.............##
#♣..(##
..............#
#...#.#
....##.......###
##..####
.####.....?/...#
#...##


You could see a spriggan rider.

Vanquished Creatures
  A frost giant (IceCv)
  A stone giant (Volcano)
  4 hydras
  A catoblepas (Lair:3)
  Pikel (D:4)
  4 oklob plants (Lair:4)
  8 elephants
  An ice statue (IceCv)
  2 black mambas
  A torpor snail (Lair:3)
  Psyche (D:8)
  Maggie (D:8)
  2 rime drakes
  5 komodo dragons
  6 spiny frogs
  An efreet (Volcano)
  2 ice devils (Lair:5)
  18 polar bears
  3 hornets
  8 blink frogs
  5 hippogriffs
  Prince Ribbit (D:8)
  Sigmund (D:6)
  10 spriggans
  4 fire elementals (Volcano)
  2 basilisks
  9 fire bats
  34 yaks
  A steam dragon (D:9)
  2 wargs (D:8)
  Menkaure (D:4)
  15 water moccasins
  3 black bears
  6 porcupines
  6 orc warriors
  Purgy (Sewer)
  A slave (D:4)
  2 ice beasts
  3 sky beasts
  5 ogres
  2 necrophages
  A phantom (D:6)
  3 boggarts (Lair:6)
  4 centaurs
  16 wolves
  14 crocodiles
  Blork the orc (D:5)
  An earth elemental (Volcano)
  6 bullfrogs
  15 killer bees
  3 scorpions (D:4)
  9 wights
  4 electric eels
  A howler monkey (D:6)
  2 crimson imps (D:8)
  5 lava snakes (Volcano)
  A bullfrog zombie (D:9)
  6 hounds
  2 jellies
  A centaur skeleton (D:6)
  8 orc wizards
  2 bullfrog skeletons
  11 orc priests
  Ijyb (D:4)
  7 worker ants
  A hound zombie (D:8)
  A howler monkey zombie (D:6)
  Robin (D:4)
  3 gnolls (D:6)
  6 adders
  A shadow imp (D:6)
  2 oozes
  An adder skeleton (D:4)
  8 worms
  2 dart slugs (D:2)
  2 leopard geckos
  15 orcs
  6 ball pythons
  5 giant cockroaches
  7 hobgoblins
  18 jackals
  4 quokkas
  11 bats
  7 frilled lizards
  2 gnoll zombies (D:9)
  14 goblins
  A jackal skeleton (D:5)
  A jackal zombie (D:7)
  4 kobolds
  A quokka skeleton (D:6)
  A quokka zombie (D:6)
  3 rats
  A fungus (Lair:5)
438 creatures vanquished.

Vanquished Creatures (others)
  A dancing weapon (IceCv)
  A dart slug (D:4)
  A ball python (D:4)
  A bush (Lair:3)
  A fire vortex (Lair:2)
  8 fungi
  13 plants
26 creatures vanquished.

Grand Total: 464 creatures vanquished

Notes
Turn   | Place    | Note
-------+----------+-------------------------------------------
     0 | D:1      | kae the Spriggan Enchanter began the quest for the Orb.
     0 | D:1      | Reached XP level 1. HP: 9/9 MP: 5/5
   383 | D:1      | Reached XP level 2. HP: 8/13 MP: 3/6
   506 | D:1      | Learned a level 2 spell: Ensorcelled Hibernation
  1119 | D:2      | Found an ancient bone altar of Kikubaaqudgha.
  1171 | D:1      | Reached XP level 3. HP: 10/17 MP: 1/8
  1777 | D:2      | Found a sparkling altar of Nemelex Xobeh.
  2071 | D:2      | Reached skill level 5 in Stealth
  2105 | D:2      | Reached XP level 4. HP: 13/21 MP: 2/9
  2768 | D:3      | Reached skill level 1 in Fighting
  3312 | D:3      | Reached XP level 5. HP: 25/25 MP: 3/11
  3923 | D:3      | Found a burning altar of Makhleb.
  4057 | D:3      | Found a hazy altar of Hepliaklqana.
  4061 | D:3      | Found an iron altar of Okawaru.
  4078 | D:3      | Found an ornate altar of the Wu Jian Council.
  4079 | D:3      | Found a white marble altar of Elyvilon.
  4080 | D:3      | Found a blossoming altar of Fedhas.
  4316 | D:4      | Reached XP level 6. HP: 30/30 MP: 9/12
  4325 | D:3      | Learned a level 3 spell: Confusing Touch
  4503 | D:4      | Noticed Robin
  4755 | D:4      | Killed Robin
  4781 | D:4      | Found Gyipratu's Distillery.
  4786 | D:4      | Bought a potion of curing for 36 gold pieces
  4786 | D:4      | Bought a potion of lignification for 36 gold pieces
  4786 | D:4      | Bought a potion of ambrosia for 96 gold pieces
  4843 | D:4      | Noticed Pikel
  4843 | D:4      | Noticed a slave
  4843 | D:4      | Noticed a slave
  4843 | D:4      | Noticed a slave
  4851 | D:4      | Noticed a slave
  4853 | D:4      | Killed a slave
  4860 | D:4      | Killed Pikel
  4860 | D:4      | Reached skill level 5 in Short Blades
  4860 | D:4      | Reached skill level 5 in Dodging
  4860 | D:4      | Reached skill level 6 in Stealth
  4860 | D:4      | Reached skill level 5 in Hexes
  4860 | D:4      | Reached XP level 7. HP: 26/35 MP: 8/14
  4927 | D:4      | Found a shimmering altar of Xom.
  4982 | D:4      | Reached skill level 7 in Stealth
  5010 | D:4      | Noticed Menkaure
  5032 | D:4      | Killed Menkaure
  5032 | D:4      | Reached XP level 8. HP: 30/39 MP: 12/15
  5147 | D:4      | Noticed Ijyb
  5196 | D:4      | Killed Ijyb
  5547 | D:4      | Noticed a moth of wrath
  5550 | D:4      | Found a bloodstained altar of Trog.
  5666 | D:5      | Entered Level 5 of the Dungeon
  5735 | D:5      | Found a radiant altar of Vehumet.
  5747 | D:5      | Found a shattered altar of Ashenzari.
  5872 | D:5      | Found a snail-covered altar of Cheibriados.
  5906 | D:5      | Found a shimmering altar of Xom.
  5910 | D:5      | Found a shimmering altar of Xom.
  5928 | D:5      | Found a staircase to the Ecumenical Temple.
  5937 | Temple   | Entered the Ecumenical Temple
  6017 | Temple   | Became a worshipper of Dithmenos the Shadowed
  6094 | D:5      | Noticed Blork the orc
  6102 | D:5      | Killed Blork the orc
  6519 | D:5      | Found a shimmering altar of Xom.
  6783 | D:6      | Noticed Sigmund
  6883 | D:6      | Found a glowing drain.
  6910 | D:6      | Reached skill level 8 in Stealth
  6980 | Sewer    | Entered a sewer
  7112 | Sewer    | Noticed Purgy
  7119 | Sewer    | Killed Purgy
  7397 | D:6      | Reached * piety under Dithmenos
  7549 | D:6      | Reached XP level 9. HP: 44/44 MP: 11/16
  8264 | D:6      | Killed Sigmund
  8264 | D:6      | Reached skill level 9 in Stealth
  8965 | D:7      | Found Zuru's General Store.
  8970 | D:7      | Bought a ration for 60 gold pieces
  8990 | D:8      | Noticed Psyche
  8993 | D:8      | Killed Psyche
  9044 | D:8      | Reached ** piety under Dithmenos
  9248 | D:8      | Noticed Maggie
  9369 | D:8      | Noticed Prince Ribbit
  9388 | D:7      | Reached skill level 10 in Stealth
  9822 | D:8      | Killed Prince Ribbit
  9867 | D:8      | Reached XP level 10. HP: 51/51 MP: 17/17
 10489 | D:8      | Killed Maggie
 10898 | D:8      | Reached skill level 5 in Fighting
 11402 | D:8      | Found a sacrificial altar of Ru.
 11408 | D:8      | Reached skill level 10 in Short Blades
 11582 | D:8      | Found a runed translucent gate.
 11582 | D:8      | Found a runed translucent gate.
 11582 | D:8      | Found a runed translucent gate.
 11582 | D:8      | Noticed a green ugly thing
 11582 | D:8      | Noticed a cyan ugly thing
 11582 | D:8      | Noticed a white ugly thing
 11583 | D:8      | Noticed a brown very ugly thing
 11584 | D:8      | Noticed a cyan ugly thing
 11596 | D:8      | Found a staircase to the Lair.
 12120 | D:8      | Reached skill level 11 in Stealth
 12295 | D:8      | Learned a level 3 spell: Tukima's Dance
 12299 | D:8      | Learned a level 3 spell: Dazzling Flash
 12438 | D:9      | Reached skill level 10 in Dodging
 12908 | D:9      | Reached *** piety under Dithmenos
 13308 | D:9      | Found a basalt altar of Yredelemnul.
 13471 | Lair:1   | Entered Level 1 of the Lair of Beasts
 13523 | Lair:1   | Noticed a spiny frog
 13632 | Lair:1   | Noticed a spiny frog
 13754 | Lair:1   | Reached XP level 11. HP: 44/56 MP: 12/18
 14506 | Lair:1   | Reached skill level 12 in Stealth
 14584 | Lair:2   | Found a runed translucent door.
 14588 | Lair:2   | Found a staircase to the Shoals.
 14689 | Lair:2   | Found a hole to the Spider Nest.
 15077 | Lair:2   | Identified the +6 trident of Cheibriados's Envy {vorpal,
                  | +Fly rC+++ Int-4 Dex-3}
 15077 | Lair:2   | Noticed a spriggan rider
 15653 | Lair:2   | Noticed Zuruo's ghost (journeyman TrHu)
 15998 | Lair:3   | Reached **** piety under Dithmenos
 16207 | Lair:3   | Noticed a catoblepas
 16376 | Lair:3   | Killed a catoblepas
 16954 | Lair:3   | Reached skill level 13 in Stealth
 17232 | Lair:4   | Found a dark tunnel.
 17237 | Volcano  | Entered a volcano
 17862 | Volcano  | Reached XP level 12. HP: 62/62 MP: 12/19
 18057 | Volcano  | Noticed a stone giant
 18060 | Volcano  | Found a radiant altar of Vehumet.
 18063 | Volcano  | Killed a stone giant
 18078 | Volcano  | Found a burning altar of Makhleb.
 18215 | Lair:4   | Noticed a four-headed hydra
 18437 | Lair:4   | Killed a four-headed hydra
 18481 | Lair:4   | Noticed a seven-headed hydra
 19070 | Lair:4   | Reached skill level 14 in Stealth
 19412 | Lair:4   | Killed a seven-headed hydra
 19710 | Lair:4   | Noticed a four-headed hydra
 19877 | Lair:4   | Killed a four-headed hydra
 20122 | Lair:5   | Noticed a seven-headed hydra
 20128 | Lair:5   | Killed a seven-headed hydra
 20128 | Lair:5   | Reached ***** piety under Dithmenos
 20526 | Lair:5   | Found a frozen archway.
 20538 | IceCv    | Entered an ice cave
 20945 | IceCv    | Reached XP level 13. HP: 68/68 MP: 16/20
 21479 | IceCv    | Learned a level 1 spell: Magic Dart
 21737 | IceCv    | Reached skill level 15 in Stealth
 21796 | IceCv    | Noticed a frost giant
 22429 | IceCv    | Killed a frost giant
 22875 | Lair:6   | Entered Level 6 of the Lair of Beasts
 22920 | Lair:6   | Reached skill level 5 in Spellcasting
 22988 | Lair:6   | Found a viscous altar of Jiyva.
 22988 | Lair:6   | Found a staircase to the Slime Pits.
 23387 | Lair:6   | Reached skill level 15 in Short Blades
 26494 | Lair:6   | Paralysed by a hornet for 1 turns
 26507 | Lair:6   | Reached skill level 16 in Stealth
 26925 | Lair:6   | Mangled by a spriggan rider

Levels and vault maps discovered:
D:1:      dpeg_arrival_court, layout_basic, kennysheep_doodads
D:2:      layout_loops_ring, overflow_temple_1_default,
          nemelex_xobeh_ov_fountains_minmay, first_ration,
          hangedman_decor_opposing
D:3:      layout_loops_ring, minitemple, hangedman_decor_push,
          minmay_misc_feat_doors, makhleb_heckhound_becter
D:4:      layout_loops_ring, kennysheep_mini, serial_shops, shop, tgw_trog,
          uniq_robin, uniq_ijyb, uniq_pikel, uniq_menkaure
D:5:      layout_loops_ring, cheibrodos_worm_habitat,
          nicolae_ashenzari_panopticon, lemuel_crystal_altar,
          minmay_temple_entry_waves, xom_redecorated, uniq_blork_the_orc
D:6:      layout_rooms, cheibrodos_sewer_entry_bend, kennysheep_diamond,
          st_stairs_4, uniq_sigmund
D:7:      layout_rooms, serial_shops, kennysheep_little_box, grunt_ogre_cave,
          eino_small_chamber_without_monster
D:8:      layout_layer_cave, erik_lair_orcish_takeover,
          ploomutoo_gammafunk_ghost_potion_laboratory, basic_altar,
          kennysheep_minor_cross, uniq_prince_ribbit1, uniq_maggie, uniq_psyche
D:9:      layout_big_octagon, lemuel_zombie_altar_yredelemnul
Temple:   eino_temple_lava
Lair:1:   layout_gridlike, serial_bayou_lagoon_b, serial_bayou_shore_a,
          infiniplex_staircase_pool_2, lemuel_fruit_fields
Lair:2:   layout_gridlike, minmay_shoals_entry_centaurs,
          spider_nest_entry_web_field, ebering_ghost_funeral_grove
Lair:3:   layout_cave_shapes
Lair:4:   layout_regular_city, nicolae_volcano_entry_batcave,
          grunt_megastairs_2, minmay_lair_oklob_chamber
Lair:5:   layout_loops_ring, portal_ice_cave_demonic_guard,
          chequers_serial_rivers_small_b, grunt_megastairs_1,
          serial_bayou_shore_b
Lair:6:   minmay_lair_end_enchanted_forest, layout_hall_layers, slime_altar_1

Skill      XL: |  1  2  3  4  5  6  7  8  9 10 11 12 13 |
---------------+----------------------------------------+-----
Short Blades   | 2 3 5 7 9 11 12 14 15 | 15.6
Spellcasting   | 3 4 6 |  6.1
Hexes          | 4 5 6 7 |  7.0
Stealth        | 5 6 7 8 10 11 13 14 16 | 16.0
Fighting       | 1 2 3 4 5 6 8 |  8.9
Dodging        | 4 5 6 7 9 10 12 13 14 | 14.2

Action                   |  1- 3 |  4- 6 |  7- 9 | 10-12 | 13-15 || total
-------------------------+-------+-------+-------+-------+-------++-------
Melee: Dagger            |   124 |   155 |   403 |   528 |    69 ||  1279
       Quick blade       |       |       |       |   125 |   615 ||   740
 Cast: Corona            |    17 |     7 |     6 |    29 |     8 ||    67
       Ensorcelled Hiber |    17 |    37 |    92 |   254 |   135 ||   535
       Confusing Touch   |       |     1 |     8 |    19 |    29 ||    57
       Tukima's Dance    |       |       |       |       |     2 ||     2
       Magic Dart        |       |       |       |       |     1 ||     1
Evoke: Wand              |       |       |       |    12 |       ||    12
  Use: Scroll            |       |     2 |    15 |    10 |     5 ||    32
       Potion            |       |       |     1 |    11 |     3 ||    15
 Stab: Sleeping          |    16 |    28 |    58 |   140 |    47 ||   289
       Confused          |       |     1 |     8 |    18 |    30 ||    57
       Distracted        |       |       |     2 |     1 |     2 ||     5
       Invisible         |       |       |       |     7 |    14 ||    21
  Eat: Ration            |       |     2 |     5 |    12 |     5 ||    24
Armor: Robe              |    15 |    21 |     5 |    39 |    57 ||   137
       Troll leather arm |       |       |    13 |       |       ||    13
Dodge: Dodged            |   164 |   157 |   285 |   575 |   549 ||  1730

Table legend:
 A = Non-vault XP
 B = Vault XP
 C = Vault XP percentage of total XP
 D = Non-vault monster count
 E = Vault monster count
 F = Vault count percentage of total count
                 A         B        C        D         E       F
            +---------+---------+-------+---------+---------+-------
      Total |   30592 |   30240 |  49.7 |     279 |     157 |  36.0
            +---------+---------+-------+---------+---------+-------
        D:1 |      43 |       0 |   0.0 |      18 |       0 |   0.0
        D:2 |      70 |       0 |   0.0 |      25 |       0 |   0.0
        D:3 |     164 |      60 |  26.8 |      19 |      10 |  34.5
        D:4 |     409 |     822 |  66.8 |      11 |      11 |  50.0
        D:5 |     358 |      99 |  21.7 |      11 |       2 |  15.4
        D:6 |     803 |     555 |  40.9 |      22 |       8 |  26.7
        D:7 |     625 |     156 |  20.0 |      17 |       2 |  10.5
        D:8 |    1898 |    1691 |  47.1 |      34 |      10 |  22.7
        D:9 |    1871 |       3 |   0.2 |      25 |       2 |   7.4
     Lair:1 |    2652 |       0 |   0.0 |      14 |       0 |   0.0
     Lair:2 |     870 |     338 |  28.0 |       8 |       3 |  27.3
     Lair:3 |    5326 |       0 |   0.0 |      20 |       0 |   0.0
     Lair:4 |    4842 |    6124 |  55.8 |      21 |      15 |  41.7
     Lair:5 |    4327 |    2574 |  37.3 |      13 |      12 |  48.0
     Lair:6 |    6334 |    3913 |  38.2 |      21 |      21 |  50.0
      Sewer |       0 |     152 | 100.0 |       0 |       7 | 100.0
      IceCv |       0 |    9753 | 100.0 |       0 |      36 | 100.0
    Volcano |       0 |    4000 | 100.0 |       0 |      18 | 100.0
            +---------+---------+-------+---------+---------+-------
